 Dungeon Crawl Stone Soup version 0.29.0-13-gc9e81de378 (webtiles) character file.

Game seed: 15275764093776881547

332 DemonSlayer the Firebug (level 6, -1/43 HPs)
             Began as a Demonspawn Fire Elementalist on Sept 8, 2022.
             Slain by an orc wizard
             ... wielding a +0 dagger
              (3 damage)
             ... on level 5 of the Dungeon.
             The game lasted 00:10:37 (6182 turns).

DemonSlayer the Firebug (DsFE)                      Turns: 6182, Time: 00:10:37

Health: -1/43      AC:  2    Str:  8    XL:     6   Next: 26%
Magic:  10/11      EV: 12    Int: 19    God:
Gold:   195        SH:  0    Dex: 13    Spells: 3/12 levels left

rFire   . . .      SeeInvis .   s - +0 war axe (vamp)
rCold   . . .      Faith    .   (no shield)
rNeg    . . .      Spirit   .   a - +0 robe
rPois   .          Reflect  .   (no helmet)
rElec   .          Harm     .   (no cloak)
rCorr   .          Rampage  .   (no gloves)
Will    .....                   (no boots)
Stlth   ++........              (no amulet)
HPRegen 0.14/turn               (no ring)
MPRegen 0.24/turn               (no ring)

@: mighty, weak-willed, studying Fighting
A: magic regeneration, demonic touch 1
a: no special abilities


You were on level 5 of the Dungeon.
You visited 1 branch of the dungeon, and saw 5 of its levels.

You collected 195 gold pieces.

Inventory:

Hand Weapons
 s - a +0 vampiric war axe (weapon)
Armour
 a - a +0 robe (worn)
Scrolls
 e - a scroll of vulnerability
 h - a scroll of teleportation
 m - 2 scrolls of butterflies
 q - a scroll of blinking {unknown}
 r - a scroll of enchant weapon {unknown}
Potions
 b - a potion of magic
 c - a potion of invisibility {unknown}
 f - a potion of ambrosia {unknown}
 j - a potion of degeneration {unknown}


   Skills:
 + Level 1.0 Fighting
 + Level 0.1 Axes
 + Level 0.2 Maces & Flails
 + Level 2.2 Dodging
 + Level 2.5 Stealth
 + Level 3.9 Spellcasting
 + Level 2.2 Conjurations
 + Level 4.2 Fire Magic


You had 3 spell levels left.
You knew the following spells:

 Your Spells              Type           Power      Damage    Failure   Level
a - Foxfire               Conj/Fire      64%        2x1d7     3%          1
b - Scorch                Fire           40%        2d7       3%          2
c - Mephitic Cloud        Conj/Pois/Air  6%         N/A       30%         3
d - Conjure Flame         Conj/Fire      16%        6-21      11%         3

Your spell library contained the following spells:

 Spells                   Type           Power      Damage    Failure   Level
 Magic Dart               Conj           48%        1d5       5%          1
 Static Discharge         Conj/Air       8%         3-4/arc   13%         2
 Inner Flame              Hex/Fire       11%        N/A       17%         3
 Call Imp                 Summ           3%         N/A       22%         2
 Gell's Gravitas          Tloc           3%         N/A       38%         3
 Ozocubu's Armour         Ice            3%         N/A       38%         3
 Teleport Other           Tloc           3%         N/A       38%         3
 Flame Wave               Conj/Fire      16%        2d7       34%         4
 Cause Fear               Hex            1%         N/A       80%         4
 Lightning Bolt           Conj/Air       4%         1d15      94%         5
 Dispersal                Tloc           1%         N/A       100%        6
 Dragon Form              Tmut           1%         N/A       100%        7
 Ozocubu's Refrigeration  Ice            1%         4d7       100%        7
 Borgnjor's Revivificati  Necr           1%         N/A       100%        8
 Maxwell's Capacitive Co  Air            1%         ∞         100%        8
 Necromutation            Tmut/Necr      1%         N/A       100%        8
 Death's Door             Necr           1%         N/A       100%        9
 Dragon's Call            Summ           1%         N/A       100%        9


Dungeon Overview and Level Annotations

Branches:
Dungeon (5/15)
 Temple: D:4-7

Altars:
Trog

Shops:
D:3 [

Annotations:
D:4 Blork the orc, Pikel


Innate Abilities, Weirdness & Mutations

You regenerate magic rapidly.
Your touch may inflict minor irresistible damage on your foes.


Message History

You are too confused!
You feel much better.
You feel sick. The orc hits you but does no damage.
The orc hits you with a +0 hand axe. Something hits you.
The quokka barely misses you.
You feel very mighty all of a sudden.
You feel sick. The adder bites you but does no damage. The adder bites you.
The orc barely misses you. Something hits you. The orc misses you.
The quokka bites you. The adder misses you. The adder closely misses you.
You miss something. You barely miss the quokka. You closely miss the orc.
You barely miss the orc. You miss the adder. x2; You feel sick.
The quokka bites you but does no damage.
The orc misses you.
You hear some strange, mumbled words.
A magic dart appears from out of thin air!
The magic dart hits you! The orc hits you with a +0 hand axe.
* * * LOW HITPOINT WARNING * * *
The adder misses you. The adder closely misses you. The quokka bites you.
* * * LOW HITPOINT WARNING * * *
Something hits you.
* * * LOW HITPOINT WARNING * * *
The orc hits you with a +0 dagger.
* * * LOW HITPOINT WARNING * * *
The orc misses you. The adder bites you.
* * * LOW HITPOINT WARNING * * *
The adder bites you.
* * * LOW HITPOINT WARNING * * *
Unknown command.
Unknown command.
Unknown command.
Unknown command.
You feel better.
The quokka bites you but does no damage.
The adder bites you.
* * * LOW HITPOINT WARNING * * *
The adder bites you.
* * * LOW HITPOINT WARNING * * *
The orc hits you but does no damage. The orc hits you with a +0 hand axe.
* * * LOW HITPOINT WARNING * * *
Something hits you.
You die...

###### #...###...'
..#.)
##.........##.#####.#.#
#...###....##.....#.#.#
#...#§#....# #......
##...###....# ###.#.#
............# #.#..
......{.....# #.###
.....So@S...# #.#
......oSr.[## #.#
.......S...# #.#
...#.#.....# #.#
...........# #.###
...#.#.#####
#######.... .......
#<....####. ..#####
#####.##... #.##.##


You could see 4 adders, 2 orcs and a quokka.

Vanquished Creatures
  A phantom (D:5)
  A hound (D:3)
  A jelly (D:5)
  An iguana (D:5)
  7 gnolls (D:3)
  2 adders
  2 dart slugs
  3 orcs
  11 ball pythons
  10 endoplasms
  2 giant cockroaches (D:3)
  8 goblins
  9 hobgoblins
  4 jackals
  8 kobolds
  A quokka (D:1)
  5 bats
  3 frilled lizards
  7 rats
86 creatures vanquished.

Vanquished Creatures (others)
  287 foxfires
287 creatures vanquished.

Grand Total: 373 creatures vanquished

Notes
Turn   | Place    | Note
-------+----------+-------------------------------------------
     0 | D:1      | DemonSlayer the Demonspawn Fire Elementalist began the
                  | quest for the Orb.
     0 | D:1      | Reached XP level 1. HP: 13/13 MP: 3/3
   122 | D:1      | Reached skill level 3 in Fire Magic
   299 | D:1      | Gained mutation: Your touch may inflict minor irresistible
                  | damage on your foes. [demonic ancestry]
   299 | D:1      | Reached XP level 2. HP: 19/19 MP: 1/5
   302 | D:1      | Learned a level 2 spell: Scorch
  1528 | D:2      | Reached XP level 3. HP: 24/24 MP: 3/6
  2930 | D:2      | Found a faded altar of an unknown god.
  2953 | D:2      | Learned a level 3 spell: Mephitic Cloud
  2990 | D:3      | Found Uliokop's Armour Shop.
  3025 | D:3      | Reached XP level 4. HP: 23/31 MP: 2/7
  4637 | D:3      | Gained mutation: You regenerate magic rapidly. [demonic
                  | ancestry]
  4637 | D:3      | Reached XP level 5. HP: 20/36 MP: 1/9
  5098 | D:3      | Learned a level 3 spell: Conjure Flame
  5189 | D:4      | Found a bloodstained altar of Trog.
  5202 | D:4      | Noticed Pikel
  5202 | D:4      | Noticed a lemure
  5202 | D:4      | Noticed a lemure
  5203 | D:4      | Noticed a lemure
  5203 | D:4      | Noticed a lemure
  5311 | D:4      | Noticed Blork the orc
  5628 | D:5      | Entered Level 5 of the Dungeon
  5794 | D:5      | Reached skill level 4 in Fire Magic
  5853 | D:5      | Noticed a phantom
  5862 | D:5      | Killed a phantom
  5863 | D:5      | Reached skill level 1 in Fighting
  5863 | D:5      | Reached XP level 6. HP: 30/43 MP: 2/11
  6181 | D:5      | HP: 2/43 [adder (3)]
  6182 | D:5      | Slain by an orc wizard

Illustrated notes

Levels and vault maps discovered:
D:1:      lemuel_arrival_lava_pool, layout_loops_ring
D:2:      layout_loops_ring, hellmonk_ecumenical_altar_arch_garden,
          serial_glass, glass_columns_b, glass_columns_b, glass_columns_a,
          glass_columns_a, glass_columns_b, glass_columns_b,
          minmay_close_crescents
D:3:      layout_loops_ring, mainiacjoe_overflow_six_doors_small, serial_shops,
          shop, minmay_quantized
D:4:      layout_loops_ring, trog_book, uniq_edmund, uniq_grinder,
          uniq_blork_the_orc, uniq_pikel
D:5:      layout_basic, minmay_temple_entry_antechambers, serial_glass,
          glass_columns_a, glass_columns_c, feat_on_display, feat_on_display

Skill      XL: |  1  2  3  4  5 |
---------------+----------------+-----
Fire Magic     | 3 4 |  4.2
Dodging        | 2 |  2.2
Stealth        | 2 |  2.5
Conjurations   | 2 |  2.2
Spellcasting   | 3 |  3.9
Fighting       | 1 |  1.0
Axes           | |  0.1
Maces & Flails | |  0.2

Action                   |  1- 3 |  4- 6 || total
-------------------------+-------+-------++-------
Melee: Whip              |    43 |       ||    43
       Touch             |     7 |     3 ||    10
       Hand axe          |       |    20 ||    20
       Punch             |       |     1 ||     1
       War axe           |       |     2 ||     2
 Cast: Foxfire           |   113 |    69 ||   182
       Scorch            |       |    34 ||    34
  Use: Scroll            |       |     8 ||     8
       Potion            |       |     3 ||     3
 Stab: Sleeping          |     1 |     1 ||     2
Armor: Robe              |    17 |    14 ||    31
Dodge: Dodged            |    43 |    57 ||   100
